Wolfpack vs Bears

Created - November 19, 2024 at 19:36

Goals
1 2 3 OT1 T
Wolfpack 0 3 2 0 5
Bears 1 3 1 1 6
Shots
1 2 3 OT1 T
Wolfpack 13 12 10 0 35
Bears 8 14 2 1 25

1st period

1. Bears , Jerry D'Amigo 3 (Sam Carrick 6) at 13:20

Penalties :
No Penalty

2nd period

2. Bears , Michael Prapavessis 1 (Sam Carrick 7, Kerby Rychel 12) at 2:56 (PP)
3. Bears , Nicholas Caamano 5 (Kevin Rooney 5) at 4:54
4. Wolfpack , Alexander Volkov 3 (Yegor Korshkov 6) at 7:23
5. Bears , Mason Appleton 4 (Mikko Vainonen 8) at 11:49 (PP)
6. Wolfpack , Sebastian Collberg 6 (Nolan Patrick 7, Andrew Peeke 1) at 15:25
7. Wolfpack , Jakub Lauko 3 (Andrei Altybarmakyan 1, K'Andre Miller 2) at 18:49

Penalties :
Andrei Altybarmakyan (Har) for Close Hand On Puck (Minor) at 2:41, Yegor Korshkov (Har) for Holding (Minor) at 11:12

3rd period

8. Bears , Ryan Graves 1 (Kerby Rychel 13) at 12:12
9. Wolfpack , Alexander Barabanov 7 (Alex Barre-Boulet 8) at 17:20
10. Wolfpack , Sebastian Collberg 7 (Dryden Hunt 7, Derrick Pouliot 11) at 19:25

Penalties :
Nicholas Caamano (Her) for Delaying the game (Minor) at 1:26, Dryden Hunt (Har) for Tripping (Minor) at 2:15, Cale Fleury (Har) for Cross-checking (Minor) at 14:40

Overtime #1

11. Bears , Cole Smith 6 (Kerby Rychel 14, Mason Appleton 11) at 1:04

Penalties :
No Penalty

Goalie Stats

Charlie Lindgren (Har), 14 saves from 18 shots - (0.778), 31:49 minutes
Samuel Ersson (Har), 5 saves from 7 shots - (0.714), OTL, 1-2-2, 28:46 minutes
Artyom Zagidulin (Her), 30 saves from 35 shots - (0.857), W, 2-0-0, 61:04 minutes

Players Stats for Wolfpack

Player Name              G  A  P  +/- PIM S  H  SB GA TA FO     MP     PP MP  PK MP  
------------------------------------------------------------------------------------
Alex Barre-Boulet        0  1  1   0  0   1  2  0  1  0  4/10   17:21   0:21   1:14 
Alexander Barabanov      1  0  1   1  0   1  0  2  1  0  0/0    17:02   0:21   0:59 
Alexander Volkov         1  0  1  -1  0   3  3  0  0  0  1/1    11:55   0:00   0:00 
Andrei Altybarmakyan     0  1  1   0  2   0  1  0  0  1  0/0     8:56   0:00   0:00 
Andrew Peeke             0  1  1   1  0   0  3  1  0  1  0/0    13:22   0:00   0:00 
Cale Fleury              0  0  0  -1  2   0  0  1  0  1  0/0    19:12   0:07   0:29 
Colton White             0  0  0   0  0   3  4  0  1  0  0/0    27:04   0:42   2:24 
Derrick Pouliot          0  1  1   2  0   1  3  1  3  0  0/0    27:20   0:42   2:24 
Dryden Hunt              0  1  1   2  2   0  2  1  3  0  0/1    21:24   0:27   1:59 
Jake Marchment           0  0  0  -2  0   2  1  0  0  0  1/1    13:41   0:00   0:25 
Jakub Lauko              1  0  1   0  0   1  0  0  0  0  0/0     8:57   0:00   0:00 
Joshua Jacobs            0  0  0   1  0   0  2  0  0  0  0/0    14:15   0:00   0:47 
K'Andre Miller           0  1  1   0  0   3  1  1  0  1  0/0    19:56   0:07   1:16 
Linus Sandin             0  0  0   1  0   3  3  0  0  0  0/2    15:46   0:21   0:13 
Nolan Patrick            0  1  1   2  0   4  1  0  2  2  15/29  22:18   0:28   2:30 
Sebastian Collberg       2  0  2   2  0   8  1  1  1  1  1/2    18:58   0:28   0:00 
Shane Pinto              0  0  0   0  0   1  0  0  0  1  1/2     8:57   0:00   0:00 
Yegor Korshkov           0  1  1  -1  2   4  0  0  0  0  1/1    11:54   0:00   0:00 

Players Stats for Bears

Player Name              G  A  P  +/- PIM S  H  SB GA TA FO     MP     PP MP  PK MP  
------------------------------------------------------------------------------------
Colby Cave               0  0  0   0  0   0  0  0  0  0  0/0     0:00   0:00   0:00 
Cole Smith               1  0  1   0  0   2  1  1  0  2  1/3    18:15   1:40   0:00 
Emil Johansson           0  0  0  -1  0   1  0  4  0  1  0/0    14:11   0:00   0:00 
Gianluca Curcuruto       0  0  0   1  0   0  3  5  1  0  0/0    19:01   1:51   0:17 
Isaac Ratcliffe          0  0  0   1  0   0  1  0  0  0  0/1    14:57   0:02   0:00 
Jerry D'Amigo            1  0  1  -2  0   1  0  1  0  2  1/1    20:19   1:58   0:06 
Kerby Rychel             0  3  3  -1  0   4  2  1  1  1  2/2    25:55   1:58   0:43 
Kevin Rooney             0  1  1   0  0   2  0  0  1  0  2/5    13:32   0:00   0:00 
Kirill Maksimov          0  0  0   0  0   0  0  0  0  0  0/0     8:15   0:00   0:00 
Mason Appleton           1  1  2  -1  0   2  2  2  1  1  0/1    19:24   1:40   0:00 
Michael Prapavessis      1  0  1   1  0   2  1  2  0  0  0/0    19:01   1:51   0:17 
Mikko Vainonen           0  1  1  -2  0   2  4  2  1  2  0/0    26:48   1:49   0:32 
Nicholas Caamano         1  0  1   0  2   2  2  0  0  0  0/1    13:04   0:02   0:00 
Ryan Graves              1  0  1  -1  0   2  1  0  0  1  0/0    14:11   0:00   0:00 
Sam Carrick              0  2  2   0  0   0  1  0  2  0  11/23  18:54   2:00   0:06 
Tanner Laczynski         0  0  0  -1  0   4  2  0  0  0  6/9    19:18   1:40   0:43 
Tommy Vannelli           0  0  0  -1  0   1  0  2  1  2  0/0    27:52   1:49   0:32 
Vincent Dunn             0  0  0   0  0   0  1  0  0  0  2/3     8:15   0:00   0:00 

3 Stars

1 - Sebastian Collberg (Har)
2 - Mason Appleton (Her)
3 - Kerby Rychel (Her)

Power Play

Wolfpack - 0 on 1 Attempt(s) - 0.00%
Bears - 2 on 4 Attempt(s) - 50.00%

Penalty Kill

Wolfpack - 2 on 4 Attempt(s) - 50.00% - Score 0 goal in Penalty Kill
Bears - 1 on 1 Attempt(s) - 100.00% - Score 0 goal in Penalty Kill

Team Stat

Wolfpack - Hits : 27 - Faceoff Wins : 24 - Blocked Shots : 8 - Penalty Minutes : 8
Bears - Hits : 21 - Faceoff Wins : 25 - Blocked Shots : 20 - Penalty Minutes : 2

Official

Referees : Furman South and Francois St. Laurent
Linesman : Vaughan Rody and Derek Amell

Game Notes

Samuel Ersson enters game at 11:49 of 2nd period

Finance

Level 1 -- Attendance: 1684 (84.20%) -- Ticket Income $117,880
Level 2 -- Attendance: 997 (99.70%) -- Ticket Income $39,880
Total Attendance: 2681 (89.37%)
Total Ticket Income: $157,760
Other Income: $7,888
Total Income: $165,648

Wolfpack

5 vs 5 Forward 
   Center                   Left Wing                Right Wing               Time % Phy DF OF 
 1 Nolan Patrick            Dryden Hunt              Sebastian Collberg       40     1   2  2  
 2 Alex Barre-Boulet        Alexander Barabanov      Linus Sandin             30     1   2  2  
 3 Jake Marchment           Yegor Korshkov           Alexander Volkov         20     1   2  2  
 4 Shane Pinto              Jakub Lauko              Andrei Altybarmakyan     10     1   2  2  

5 vs 5 Defense 
   Defense                  Defense                                           Time % Phy DF OF 
 1 Derrick Pouliot          Colton White                                      40     1   2  2  
 2 K'Andre Miller           Cale Fleury                                       30     1   2  2  
 3 Joshua Jacobs            Andrew Peeke                                      20     1   2  2  
 4 Derrick Pouliot          Colton White                                      10     1   2  2  

PowerPlay Forward 
   Center                   Left Wing                Right Wing               Time % Phy DF OF 
 1 Nolan Patrick            Dryden Hunt              Sebastian Collberg       60     1   2  2  
 2 Alex Barre-Boulet        Alexander Barabanov      Linus Sandin             40     1   2  2  

PowerPlay Defense
   Defense                  Defense                                           Time % Phy DF OF 
 1 Derrick Pouliot          Colton White                                      60     1   2  2  
 2 K'Andre Miller           Cale Fleury                                       40     1   2  2  

Penalty Kill 4 Players Forward 
   Center                   Wing                     Time % Phy DF OF 
 1 Nolan Patrick            Dryden Hunt              60     1   2  2  
 2 Alex Barre-Boulet        Alexander Barabanov      40     1   2  2  

Penalty Kill 4 Players Defense
   Defense                  Defense                  Time % Phy DF OF 
 1 Derrick Pouliot          Colton White             60     1   2  2  
 2 K'Andre Miller           Cale Fleury              40     1   2  2  

Penalty Kill - 3 Players Forward 
   Forward                                           Time % Phy DF OF 
 1 Nolan Patrick                                     60     1   2  2  
 2 Alex Barre-Boulet                                 40     1   2  2  

Penalty Kill - 3 Players Defense
   Defense                  Defense                  Time % Phy DF OF 
 1 Derrick Pouliot          Colton White             60     1   2  2  
 2 K'Andre Miller           Cale Fleury              40     1   2  2  

4 vs 4 Forward 
   Center                   Wing                     Time % Phy DF OF 
 1 Nolan Patrick            Dryden Hunt              60     1   2  2  
 2 Alex Barre-Boulet        Alexander Barabanov      40     1   2  2  

4 vs 4 Defense
   Defense                  Defense                  Time % Phy DF OF 
 1 Derrick Pouliot          Colton White             60     1   2  2  
 2 K'Andre Miller           Cale Fleury              40     1   2  2  

Last Minutes Offensive
   Center                   Left Wing                Right Wing               Defense                  Defense                  
   Nolan Patrick            Dryden Hunt              Sebastian Collberg       Derrick Pouliot          Colton White             

Last Minutes Defensive
   Center                   Left Wing                Right Wing               Defense                  Defense                  
   Nolan Patrick            Dryden Hunt              Sebastian Collberg       Derrick Pouliot          Colton White             

Goaltenders
Starting : Charlie Lindgren         
Backup : Samuel Ersson            

Extra Forwards
Normal : Alex Barre-Boulet, Jake Marchment, Linus Sandin - PP : Alex Barre-Boulet, Jake Marchment - PK : Alex Barre-Boulet
Extra Defensemen
Normal : Cale Fleury, Joshua Jacobs, Andrew Peeke - PP : Cale Fleury - PK : Cale Fleury, Joshua Jacobs
Penalty Shots
Sebastian Collberg, Nolan Patrick, Dryden Hunt, Alexander Barabanov, Alex Barre-Boulet
Custom OT Lines Forwards
Sebastian Collberg, Nolan Patrick, Dryden Hunt, Alexander Barabanov, Alex Barre-Boulet, Jake Marchment, Linus Sandin, Alexander Volkov, Andrei Altybarmakyan, Yegor Korshkov
Custom OT Lines Defensemen
Derrick Pouliot, Colton White, K'Andre Miller, Cale Fleury, Joshua Jacobs

Scratches
Ryan Poehling (Healthy), Mason Shaw (Healthy), Ben Jones (Healthy), Samuel Houde (Healthy), Dylan Samberg (Healthy)
Mikhail Vorobyev (Healthy), Ryan Culkin (Left Ankle Injury), Owen Tippet (Healthy), Dante Fabbro (Healthy), Jeffrey Viel (Healthy)
Jack Drury (Healthy), Martin Kaut (Healthy), Mathias Laferriere (Healthy), Maxwell Crozier (Healthy), Will Francis (Healthy)
Dustin Wolf (Healthy)

Bears

5 vs 5 Forward 
   Center                   Left Wing                Right Wing               Time % Phy DF OF 
 1 Sam Carrick              Kerby Rychel             Jerry D'Amigo            40     0   1  4  
 2 Tanner Laczynski         Cole Smith               Mason Appleton           30     0   1  4  
 3 Kevin Rooney             Isaac Ratcliffe          Nicholas Caamano         20     0   2  3  
 4 Vincent Dunn             Kerby Rychel             Kirill Maksimov          10     0   2  3  

5 vs 5 Defense 
   Defense                  Defense                                           Time % Phy DF OF 
 1 Tommy Vannelli           Mikko Vainonen                                    40     0   3  2  
 2 Gianluca Curcuruto       Michael Prapavessis                               30     0   3  2  
 3 Emil Johansson           Ryan Graves                                       20     0   3  2  
 4 Tommy Vannelli           Mikko Vainonen                                    10     0   2  3  

PowerPlay Forward 
   Center                   Left Wing                Right Wing               Time % Phy DF OF 
 1 Sam Carrick              Kerby Rychel             Jerry D'Amigo            60     0   0  5  
 2 Tanner Laczynski         Cole Smith               Mason Appleton           40     0   1  4  

PowerPlay Defense
   Defense                  Defense                                           Time % Phy DF OF 
 1 Tommy Vannelli           Mikko Vainonen                                    60     0   2  3  
 2 Gianluca Curcuruto       Michael Prapavessis                               40     0   2  3  

Penalty Kill 4 Players Forward 
   Center                   Wing                     Time % Phy DF OF 
 1 Tanner Laczynski         Kerby Rychel             60     0   4  1  
 2 Sam Carrick              Jerry D'Amigo            40     0   4  1  

Penalty Kill 4 Players Defense
   Defense                  Defense                  Time % Phy DF OF 
 1 Tommy Vannelli           Mikko Vainonen           60     0   4  1  
 2 Gianluca Curcuruto       Michael Prapavessis      40     0   4  1  

Penalty Kill - 3 Players Forward 
   Forward                                           Time % Phy DF OF 
 1 Kerby Rychel                                      60     0   5  0  
 2 Tanner Laczynski                                  40     0   5  0  

Penalty Kill - 3 Players Defense
   Defense                  Defense                  Time % Phy DF OF 
 1 Tommy Vannelli           Mikko Vainonen           60     0   5  0  
 2 Gianluca Curcuruto       Michael Prapavessis      40     0   5  0  

4 vs 4 Forward 
   Center                   Wing                     Time % Phy DF OF 
 1 Sam Carrick              Kerby Rychel             60     0   1  4  
 2 Tanner Laczynski         Jerry D'Amigo            40     0   1  4  

4 vs 4 Defense
   Defense                  Defense                  Time % Phy DF OF 
 1 Tommy Vannelli           Mikko Vainonen           60     0   2  3  
 2 Gianluca Curcuruto       Michael Prapavessis      40     0   2  3  

Last Minutes Offensive
   Center                   Left Wing                Right Wing               Defense                  Defense                  
   Tanner Laczynski         Kerby Rychel             Jerry D'Amigo            Tommy Vannelli           Mikko Vainonen           

Last Minutes Defensive
   Center                   Left Wing                Right Wing               Defense                  Defense                  
   Kevin Rooney             Kerby Rychel             Jerry D'Amigo            Tommy Vannelli           Mikko Vainonen           

Goaltenders
Starting : Artyom Zagidulin         
Backup : Garret Sparks            

Extra Forwards
Normal : Kerby Rychel, Jerry D'Amigo, Mason Appleton - PP : Kerby Rychel, Jerry D'Amigo - PK : Kerby Rychel
Extra Defensemen
Normal : Tommy Vannelli, Mikko Vainonen, Gianluca Curcuruto - PP : Emil Johansson - PK : Ryan Graves, Tommy Vannelli
Penalty Shots
Kerby Rychel, Jerry D'Amigo, Mason Appleton, Tanner Laczynski, Kevin Rooney
Custom OT Lines Forwards
Kerby Rychel, Mason Appleton, Jerry D'Amigo, Tanner Laczynski, Kevin Rooney, Cole Smith, Vincent Dunn, Nicholas Caamano, Isaac Ratcliffe, Colby Cave
Custom OT Lines Defensemen
Tommy Vannelli, Mikko Vainonen, Gianluca Curcuruto, Michael Prapavessis, Emil Johansson

Scratches
Blake Speers (Healthy), Jesper Pettersson (Healthy), David Farrance (Healthy), Mackenze Stewart (Healthy), Zack Hayes (Healthy)
Mario Ferraro (Healthy), Will Reilly (Healthy), Kristians Rubins (Healthy), Jakob Stenqvist (Healthy), Tim Gettinger (Healthy)
Arvid Henrikson (Healthy), Jeremy Michel (Healthy)

% Time on Ice - Wolfpack

Lines # - Real PCT - Wanted PCT - Time Play
Normal Forward
1 - 34% - 40% - 18:11
2 - 27% - 30% - 14:44
3 - 22% - 20% - 11:55
4 - 17% - 10% - 8:57
Normal Defense
1 - 37% - 40% - 20:02
2 - 33% - 30% - 17:41
3 - 25% - 20% - 13:22
4 - 5% - 10% - 2:42
PP Forward
1 - 57% - 60% - 0:28
2 - 43% - 40% - 0:21
PP Defense
1 - 86% - 60% - 0:42
2 - 14% - 40% - 0:07
PK Forward
1 - 91% - 60% - 3:21
2 - 9% - 40% - 0:19
PK Defense
1 - 65% - 60% - 2:24
2 - 35% - 40% - 1:16
PK3 Forward
1 - 0% - 60%
2 - 0% - 40%
PK3 Defense
1 - 0% - 60%
2 - 0% - 40%
44 Forward
1 - 100% - 60% - 1:10
2 - 0% - 40% - 0:00
44 Defense
1 - 51% - 60% - 0:36
2 - 49% - 40% - 0:34
Last Minute Offensive  - 0:34
Last Minute Defensive  - 0:00
Total
Forward - 60:00
Defense - 60:00

% Time on Ice - Bears

Lines # - Real PCT - Wanted PCT - Time Play
Normal Forward
1 - 30% - 40% - 16:09
2 - 31% - 30% - 16:30
3 - 24% - 20% - 13:03
4 - 15% - 10% - 8:15
Normal Defense
1 - 37% - 40% - 20:12
2 - 31% - 30% - 16:31
3 - 26% - 20% - 13:47
4 - 6% - 10% - 3:27
PP Forward
1 - 55% - 60% - 2:00
2 - 45% - 40% - 1:40
PP Defense
1 - 50% - 60% - 1:49
2 - 50% - 40% - 1:51
PK Forward
1 - 88% - 60% - 0:43
2 - 12% - 40% - 0:06
PK Defense
1 - 65% - 60% - 0:32
2 - 35% - 40% - 0:17
PK3 Forward
1 - 0% - 60%
2 - 0% - 40%
PK3 Defense
1 - 0% - 60%
2 - 0% - 40%
44 Forward
1 - 100% - 60% - 1:10
2 - 0% - 40% - 0:00
44 Defense
1 - 69% - 60% - 0:48
2 - 31% - 40% - 0:22
Last Minute Offensive  - 0:00
Last Minute Defensive  - 0:24
Total
Forward - 60:00
Defense - 60:00

Play-by-Play

1st period


0:01 of 1st period - Nolan Patrick wins face-off versus Sam Carrick in neutral zone.
0:11 of 1st period - Icing by Mikko Vainonen.
0:12 of 1st period - Alex Barre-Boulet wins face-off versus Sam Carrick in Bears zone.
1:04 of 1st period - Sebastian Collberg is hit by Gianluca Curcuruto and loses puck.
1:08 of 1st period - Icing by Joshua Jacobs.
1:09 of 1st period - Nolan Patrick wins face-off versus Tanner Laczynski in Wolfpack zone.
1:36 of 1st period - Sebastian Collberg is hit by Tanner Laczynski and loses puck.
1:45 of 1st period - Snap shot by Dryden Hunt.
1:45 of 1st period - Shot Misses the Net.
1:55 of 1st period - Slapshot by Nolan Patrick.
1:55 of 1st period - Shot Hit the Post.
1:57 of 1st period - Snap shot by Nolan Patrick.
1:57 of 1st period - Stopped by Artyom Zagidulin with a rebound.
1:59 of 1st period - Snap shot by Sebastian Collberg.
1:59 of 1st period - Stopped by Artyom Zagidulin with a rebound.
2:01 of 1st period - Slapshot by Colton White.
2:01 of 1st period - Stopped by Artyom Zagidulin with a rebound.
2:05 of 1st period - Snap shot by Sebastian Collberg.
2:05 of 1st period - Stopped by Artyom Zagidulin with a rebound.
2:07 of 1st period - Slapshot by K'Andre Miller.
2:07 of 1st period - Shot Blocked by Emil Johansson.
2:09 of 1st period - Slapshot by Sebastian Collberg.
2:09 of 1st period - Shot Misses the Net.
2:11 of 1st period - Wrist shot by Nolan Patrick.
2:11 of 1st period - Shot Blocked by Emil Johansson.
2:13 of 1st period - Slapshot by K'Andre Miller.
2:13 of 1st period - Stopped by Artyom Zagidulin with a rebound.
2:15 of 1st period - Wrist shot by K'Andre Miller.
2:15 of 1st period - Stopped by Artyom Zagidulin without a rebound.
2:16 of 1st period - Jake Marchment wins face-off versus Kevin Rooney in Bears zone.
2:26 of 1st period - Off-side.
2:27 of 1st period - Kevin Rooney wins face-off versus Alex Barre-Boulet in neutral zone.
3:02 of 1st period - Snap shot by Shane Pinto.
3:02 of 1st period - Stopped by Artyom Zagidulin with a rebound.
3:04 of 1st period - Wrist shot by Andrew Peeke.
3:04 of 1st period - Shot Blocked by Mikko Vainonen.
3:13 of 1st period - Off-side.
3:14 of 1st period - Yegor Korshkov wins face-off versus Vincent Dunn in neutral zone.
3:16 of 1st period - Derrick Pouliot is hit by Gianluca Curcuruto and loses puck.
3:21 of 1st period - Slapshot by Derrick Pouliot.
3:21 of 1st period - Shot Blocked by Michael Prapavessis.
3:39 of 1st period - Colton White is hit by Mason Appleton and loses puck.
4:24 of 1st period - Emil Johansson is hit by K'Andre Miller and loses puck.
4:29 of 1st period - Snap shot by Yegor Korshkov.
4:29 of 1st period - Shot Misses the Net.
4:33 of 1st period - Snap shot by Yegor Korshkov.
4:33 of 1st period - Stopped by Artyom Zagidulin with a rebound.
4:51 of 1st period - Snap shot by Kevin Rooney.
4:51 of 1st period - Shot Hit the Post.
4:53 of 1st period - Snap shot by Kevin Rooney.
4:53 of 1st period - Stopped by Charlie Lindgren without a rebound.
4:54 of 1st period - Tanner Laczynski wins face-off versus Alex Barre-Boulet in Wolfpack zone.
4:55 of 1st period - Slapshot by Cole Smith.
4:55 of 1st period - Stopped by Charlie Lindgren with a rebound.
4:57 of 1st period - Snap shot by Tanner Laczynski.
4:57 of 1st period - Stopped by Charlie Lindgren with a rebound.
4:59 of 1st period - Slapshot by Mikko Vainonen.
4:59 of 1st period - Stopped by Charlie Lindgren with a rebound.
5:01 of 1st period - Slapshot by Tommy Vannelli.
5:01 of 1st period - Shot Blocked by Andrew Peeke.
5:19 of 1st period - Mikko Vainonen is hit by Joshua Jacobs.
5:45 of 1st period - Wrist shot by Yegor Korshkov.
5:45 of 1st period - Shot Blocked by Gianluca Curcuruto.
5:55 of 1st period - Yegor Korshkov is hit by Vincent Dunn and loses puck.
6:14 of 1st period - Snap shot by Linus Sandin.
6:14 of 1st period - Stopped by Artyom Zagidulin with a rebound.
6:16 of 1st period - Snap shot by Alex Barre-Boulet.
6:16 of 1st period - Shot Blocked by Tommy Vannelli.
6:46 of 1st period - Colton White is hit by Mikko Vainonen and loses puck.
7:26 of 1st period - Isaac Ratcliffe is hit by Alex Barre-Boulet and loses puck.
8:10 of 1st period - Wrist shot by Kerby Rychel.
8:10 of 1st period - Shot Misses the Net.
9:04 of 1st period - Nicholas Caamano is hit by Derrick Pouliot and loses puck.
9:11 of 1st period - Alexander Barabanov is hit by Isaac Ratcliffe and loses puck.
9:22 of 1st period - Snap shot by Andrei Altybarmakyan.
9:22 of 1st period - Shot Misses the Net.
9:42 of 1st period - Wrist shot by Yegor Korshkov.
9:42 of 1st period - Shot Misses the Net.
10:08 of 1st period - Wrist shot by Jerry D'Amigo.
10:08 of 1st period - Shot Blocked by Alexander Barabanov.
10:28 of 1st period - Snap shot by Jerry D'Amigo.
10:28 of 1st period - Shot Blocked by K'Andre Miller.
10:47 of 1st period - Wrist shot by Nolan Patrick.
10:47 of 1st period - Shot Misses the Net.
11:11 of 1st period - Mikko Vainonen is hit by Andrew Peeke and loses puck.
11:22 of 1st period - Mikko Vainonen is hit by Derrick Pouliot and loses puck.
11:43 of 1st period - Snap shot by Kerby Rychel.
11:43 of 1st period - Shot Misses the Net.
12:12 of 1st period - Kevin Rooney is hit by Alexander Volkov.
12:22 of 1st period - Jake Marchment is hit by Kerby Rychel and loses puck.
13:13 of 1st period - Jakub Lauko is hit by Ryan Graves.
13:14 of 1st period - Icing by Jakub Lauko.
13:15 of 1st period - Jerry D'Amigo wins face-off versus Shane Pinto in Wolfpack zone.
13:20 of 1st period - Slapshot by Jerry D'Amigo.
13:20 of 1st period - Goal by Jerry D'Amigo - Wolfpack : 0 - Bears : 1.
13:21 of 1st period - Nolan Patrick wins face-off versus Sam Carrick in neutral zone.
13:24 of 1st period - Slapshot by Derrick Pouliot.
13:24 of 1st period - Deflect By Sam Carrick.
13:24 of 1st period - Stopped by Artyom Zagidulin with a rebound.
13:26 of 1st period - Snap shot by Sebastian Collberg.
13:26 of 1st period - Stopped by Artyom Zagidulin with a rebound.
13:28 of 1st period - Snap shot by Dryden Hunt.
13:28 of 1st period - Shot Blocked by Kerby Rychel.
13:30 of 1st period - Slapshot by Derrick Pouliot.
13:30 of 1st period - Shot Misses the Net.
13:32 of 1st period - Slapshot by Colton White.
13:32 of 1st period - Shot Misses the Net.
13:34 of 1st period - Slapshot by Colton White.
13:34 of 1st period - Deflect By Nolan Patrick.
13:34 of 1st period - Shot Misses the Net.
13:34 of 1st period - Puck is out of play.
13:35 of 1st period - Sam Carrick wins face-off versus Nolan Patrick in Bears zone.
14:23 of 1st period - Snap shot by Derrick Pouliot.
14:23 of 1st period - Shot Blocked by Michael Prapavessis.
14:31 of 1st period - Slapshot by Nicholas Caamano.
14:31 of 1st period - Stopped by Charlie Lindgren without a rebound.
14:32 of 1st period - Sam Carrick wins face-off versus Nolan Patrick in Wolfpack zone.
14:57 of 1st period - Wrist shot by Kevin Rooney.
14:57 of 1st period - Shot Blocked by Sebastian Collberg.
14:59 of 1st period - Wrist shot by Nicholas Caamano.
14:59 of 1st period - Shot Blocked by Cale Fleury.
15:05 of 1st period - Wrist shot by Kevin Rooney.
15:05 of 1st period - Stopped by Charlie Lindgren without a rebound.
15:06 of 1st period - Sam Carrick wins face-off versus Alex Barre-Boulet in Wolfpack zone.
15:31 of 1st period - Sam Carrick is hit by Andrew Peeke and loses puck.
16:05 of 1st period - Wrist shot by Tanner Laczynski.
16:05 of 1st period - Stopped by Charlie Lindgren without a rebound.
16:06 of 1st period - Nolan Patrick wins face-off versus Kevin Rooney in Wolfpack zone.
17:50 of 1st period - Joshua Jacobs is hit by Cole Smith and loses puck.
18:19 of 1st period - Slapshot by Alex Barre-Boulet.
18:19 of 1st period - Stopped by Artyom Zagidulin with a rebound.
18:47 of 1st period - Snap shot by Nolan Patrick.
18:47 of 1st period - Stopped by Artyom Zagidulin with a rebound.
Goals for this period are 0 for Wolfpack vs 1 for Bears.
Shots for this period are 13 for Wolfpack vs 8 for Bears.

2nd period


0:01 of 2nd period - Kerby Rychel wins face-off versus Nolan Patrick in neutral zone.
0:26 of 2nd period - Derrick Pouliot is hit by Mikko Vainonen and loses puck.
0:55 of 2nd period - Wrist shot by Jakub Lauko.
0:55 of 2nd period - Shot Misses the Net.
1:16 of 2nd period - Off-side.
1:17 of 2nd period - Vincent Dunn wins face-off versus Nolan Patrick in neutral zone.
1:37 of 2nd period - Slapshot by Emil Johansson.
1:37 of 2nd period - Shot Misses the Net.
1:39 of 2nd period - Slapshot by Ryan Graves.
1:39 of 2nd period - Stopped by Charlie Lindgren without a rebound.
1:40 of 2nd period - Alex Barre-Boulet wins face-off versus Cole Smith in Wolfpack zone.
2:05 of 2nd period - Mikko Vainonen is hit by Colton White and loses puck.
2:14 of 2nd period - Slapshot by Tommy Vannelli.
2:14 of 2nd period - Stopped by Charlie Lindgren with a rebound.
2:34 of 2nd period - Slapshot by Kevin Rooney.
2:34 of 2nd period - Shot Hit the Post.
2:41 of 2nd period - Minor Penalty to Andrei Altybarmakyan for Close Hand On Puck.
2:42 of 2nd period - Sam Carrick wins face-off versus Dryden Hunt in Wolfpack zone.
2:54 of 2nd period - Snap shot by Sam Carrick.
2:54 of 2nd period - Shot Misses the Net.
2:56 of 2nd period - Slapshot by Michael Prapavessis.
2:56 of 2nd period - Goal by Michael Prapavessis - Wolfpack : 0 - Bears : 2.
2:57 of 2nd period - Sam Carrick wins face-off versus Nolan Patrick in neutral zone.
3:02 of 2nd period - Snap shot by Jerry D'Amigo.
3:02 of 2nd period - Shot Misses the Net.
3:43 of 2nd period - Wrist shot by Kevin Rooney.
3:43 of 2nd period - Shot Misses the Net.
4:08 of 2nd period - Snap shot by Kerby Rychel.
4:08 of 2nd period - Stopped by Charlie Lindgren without a rebound.
4:09 of 2nd period - Tanner Laczynski wins face-off versus Nolan Patrick in Wolfpack zone.
4:54 of 2nd period - Wrist shot by Kevin Rooney.
4:54 of 2nd period - Deflect By Nicholas Caamano.
4:54 of 2nd period - Goal by Nicholas Caamano - Wolfpack : 0 - Bears : 3.
4:55 of 2nd period - Sam Carrick wins face-off versus Nolan Patrick in neutral zone.
5:25 of 2nd period - Slapshot by Alex Barre-Boulet.
5:25 of 2nd period - Shot Misses the Net.
5:27 of 2nd period - Slapshot by Derrick Pouliot.
5:27 of 2nd period - Shot Blocked by Tommy Vannelli.
5:29 of 2nd period - Snap shot by Colton White.
5:29 of 2nd period - Stopped by Artyom Zagidulin with a rebound.
5:39 of 2nd period - Slapshot by Mikko Vainonen.
5:39 of 2nd period - Shot Misses the Net.
5:45 of 2nd period - Kevin Rooney is hit by Colton White and loses puck.
7:02 of 2nd period - Colton White is hit by Gianluca Curcuruto and loses puck.
7:23 of 2nd period - Slapshot by Alexander Volkov.
7:23 of 2nd period - Goal by Alexander Volkov - Wolfpack : 1 - Bears : 3.
7:24 of 2nd period - Cole Smith wins face-off versus Sebastian Collberg in neutral zone.
7:49 of 2nd period - Nicholas Caamano is hit by Derrick Pouliot and loses puck.
8:02 of 2nd period - Slapshot by Alex Barre-Boulet.
8:02 of 2nd period - Shot Misses the Net.
8:14 of 2nd period - Slapshot by Kerby Rychel.
8:14 of 2nd period - Stopped by Charlie Lindgren without a rebound.
8:15 of 2nd period - Alexander Volkov wins face-off versus Sam Carrick in Wolfpack zone.
8:34 of 2nd period - Snap shot by Colton White.
8:34 of 2nd period - Deflect By Tanner Laczynski.
8:34 of 2nd period - Stopped by Artyom Zagidulin with a rebound.
8:36 of 2nd period - Slapshot by Colton White.
8:36 of 2nd period - Deflect By Yegor Korshkov.
8:36 of 2nd period - Stopped by Artyom Zagidulin with a rebound.
8:58 of 2nd period - Off-side.
8:59 of 2nd period - Kevin Rooney wins face-off versus Nolan Patrick in neutral zone.
9:34 of 2nd period - Slapshot by Kerby Rychel.
9:34 of 2nd period - Stopped by Charlie Lindgren with a rebound.
9:51 of 2nd period - Off-side.
9:52 of 2nd period - Shane Pinto wins face-off versus Cole Smith in neutral zone.
10:11 of 2nd period - Snap shot by Tanner Laczynski.
10:11 of 2nd period - Stopped by Charlie Lindgren without a rebound.
10:12 of 2nd period - Sebastian Collberg wins face-off versus Sam Carrick in Wolfpack zone.
10:59 of 2nd period - Jake Marchment is hit by Mikko Vainonen and loses puck.
11:04 of 2nd period - Snap shot by Kevin Rooney.
11:04 of 2nd period - Shot Misses the Net.
11:06 of 2nd period - Backhand shot by Isaac Ratcliffe.
11:06 of 2nd period - Shot Misses the Net.
11:12 of 2nd period - Minor Penalty to Yegor Korshkov for Holding.
11:13 of 2nd period - Nolan Patrick wins face-off versus Sam Carrick in Wolfpack zone.
11:38 of 2nd period - Dryden Hunt is hit by Tanner Laczynski and loses puck.
11:43 of 2nd period - Wrist shot by Mason Appleton.
11:43 of 2nd period - Shot Misses the Net.
11:45 of 2nd period - Snap shot by Mason Appleton.
11:45 of 2nd period - Shot Blocked by Derrick Pouliot.
11:47 of 2nd period - Slapshot by Mikko Vainonen.
11:47 of 2nd period - Stopped by Charlie Lindgren with a rebound.
11:49 of 2nd period - Snap shot by Mason Appleton.
11:49 of 2nd period - Goal by Mason Appleton - Wolfpack : 1 - Bears : 4.
11:49 of 2nd period - Samuel Ersson enters game.
11:50 of 2nd period - Sam Carrick wins face-off versus Alex Barre-Boulet in neutral zone.
12:21 of 2nd period - Wrist shot by Alexander Volkov.
12:21 of 2nd period - Stopped by Artyom Zagidulin with a rebound.
12:23 of 2nd period - Wrist shot by K'Andre Miller.
12:23 of 2nd period - Stopped by Artyom Zagidulin without a rebound.
12:24 of 2nd period - Tanner Laczynski wins face-off versus Nolan Patrick in Bears zone.
12:29 of 2nd period - Snap shot by Mason Appleton.
12:29 of 2nd period - Stopped by Samuel Ersson with a rebound.
12:31 of 2nd period - Slapshot by Tanner Laczynski.
12:31 of 2nd period - Stopped by Samuel Ersson with a rebound.
12:33 of 2nd period - Slapshot by Michael Prapavessis.
12:33 of 2nd period - Stopped by Samuel Ersson with a rebound.
12:51 of 2nd period - Gianluca Curcuruto is hit by Colton White and loses puck.
13:18 of 2nd period - Wrist shot by Vincent Dunn.
13:18 of 2nd period - Shot Misses the Net.
14:04 of 2nd period - Off-side.
14:05 of 2nd period - Nolan Patrick wins face-off versus Nicholas Caamano in neutral zone.
14:56 of 2nd period - Snap shot by Jake Marchment.
14:56 of 2nd period - Shot Blocked by Emil Johansson.
15:04 of 2nd period - Wrist shot by Jake Marchment.
15:04 of 2nd period - Deflect By Alexander Volkov.
15:04 of 2nd period - Deflect By Ryan Graves.
15:04 of 2nd period - Stopped by Artyom Zagidulin without a rebound.
15:05 of 2nd period - Nolan Patrick wins face-off versus Sam Carrick in Bears zone.
15:10 of 2nd period - Wrist shot by Nolan Patrick.
15:10 of 2nd period - Stopped by Artyom Zagidulin without a rebound.
15:11 of 2nd period - Nolan Patrick wins face-off versus Sam Carrick in Bears zone.
15:16 of 2nd period - Sam Carrick is hit by Andrew Peeke and loses puck.
15:25 of 2nd period - Slapshot by Sebastian Collberg.
15:25 of 2nd period - Goal by Sebastian Collberg - Wolfpack : 2 - Bears : 4.
15:26 of 2nd period - Sam Carrick wins face-off versus Nolan Patrick in neutral zone.
15:57 of 2nd period - Snap shot by Alex Barre-Boulet.
15:57 of 2nd period - Shot Blocked by Cole Smith.
15:59 of 2nd period - Snap shot by Linus Sandin.
15:59 of 2nd period - Stopped by Artyom Zagidulin with a rebound.
16:01 of 2nd period - Wrist shot by Alexander Barabanov.
16:01 of 2nd period - Shot Misses the Net.
16:23 of 2nd period - Andrei Altybarmakyan is hit by Nicholas Caamano and loses puck.
17:37 of 2nd period - Slapshot by Jerry D'Amigo.
17:37 of 2nd period - Shot Misses the Net.
17:39 of 2nd period - Wrist shot by Emil Johansson.
17:39 of 2nd period - Stopped by Samuel Ersson with a rebound.
17:41 of 2nd period - Snap shot by Sam Carrick.
17:41 of 2nd period - Shot Misses the Net.
18:01 of 2nd period - Wrist shot by Yegor Korshkov.
18:01 of 2nd period - Stopped by Artyom Zagidulin with a rebound.
18:45 of 2nd period - Wrist shot by Andrei Altybarmakyan.
18:45 of 2nd period - Shot Blocked by Jerry D'Amigo.
18:47 of 2nd period - Snap shot by Andrei Altybarmakyan.
18:47 of 2nd period - Shot Misses the Net.
18:49 of 2nd period - Backhand shot by Jakub Lauko.
18:49 of 2nd period - Goal by Jakub Lauko - Wolfpack : 3 - Bears : 4.
18:50 of 2nd period - Nolan Patrick wins face-off versus Sam Carrick in neutral zone.
19:16 of 2nd period - Tommy Vannelli is hit by Colton White and loses puck.
19:43 of 2nd period - Snap shot by Alexander Volkov.
19:43 of 2nd period - Shot Misses the Net.
19:45 of 2nd period - Slapshot by Derrick Pouliot.
19:45 of 2nd period - Shot Blocked by Gianluca Curcuruto.
Goals for this period are 3 for Wolfpack vs 3 for Bears.
Shots for this period are 12 for Wolfpack vs 14 for Bears.

3rd period


0:01 of 3rd period - Nolan Patrick wins face-off versus Sam Carrick in neutral zone.
0:10 of 3rd period - Snap shot by Sebastian Collberg.
0:10 of 3rd period - Shot Blocked by Mikko Vainonen.
0:26 of 3rd period - Mason Appleton is hit by Linus Sandin and loses puck.
0:33 of 3rd period - Backhand shot by Linus Sandin.
0:33 of 3rd period - Shot Misses the Net.
0:35 of 3rd period - Slapshot by Derrick Pouliot.
0:35 of 3rd period - Deflect By Alex Barre-Boulet.
0:35 of 3rd period - Shot Misses the Net.
0:35 of 3rd period - Puck is out of play.
0:36 of 3rd period - Sam Carrick wins face-off versus Nolan Patrick in Bears zone.
1:26 of 3rd period - Minor Penalty to Nicholas Caamano for Delaying the game.
1:27 of 3rd period - Tanner Laczynski wins face-off versus Nolan Patrick in Bears zone.
1:36 of 3rd period - Tanner Laczynski is hit by Dryden Hunt and loses puck.
1:43 of 3rd period - Wrist shot by Mikko Vainonen.
1:43 of 3rd period - Shot Misses the Net.
2:15 of 3rd period - Minor Penalty to Dryden Hunt for Tripping.
2:16 of 3rd period - Nolan Patrick wins face-off versus Sam Carrick in Wolfpack zone.
2:33 of 3rd period - Alex Barre-Boulet is hit by Sam Carrick and loses puck.
2:58 of 3rd period - Snap shot by Jake Marchment.
2:58 of 3rd period - Stopped by Artyom Zagidulin with a rebound.
3:26 of 3rd period - Penalty to Nicholas Caamano is over, Nicholas Caamano is back on ice.
3:27 of 3rd period - Snap shot by Linus Sandin.
3:27 of 3rd period - Stopped by Artyom Zagidulin without a rebound.
3:28 of 3rd period - Tanner Laczynski wins face-off versus Linus Sandin in Bears zone.
4:15 of 3rd period - Penalty to Dryden Hunt is over, Dryden Hunt is back on ice.
5:38 of 3rd period - Andrew Peeke is hit by Mikko Vainonen and loses puck.
6:51 of 3rd period - Wrist shot by Alex Barre-Boulet.
6:51 of 3rd period - Shot Misses the Net.
6:53 of 3rd period - Backhand shot by Derrick Pouliot.
6:53 of 3rd period - Deflect By Alexander Barabanov.
6:53 of 3rd period - Shot Misses the Net.
6:53 of 3rd period - Puck is out of play.
6:54 of 3rd period - Tanner Laczynski wins face-off versus Alex Barre-Boulet in Bears zone.
7:01 of 3rd period - Tommy Vannelli is hit by Linus Sandin and loses puck.
7:57 of 3rd period - Jake Marchment is hit by Michael Prapavessis and loses puck.
8:04 of 3rd period - Yegor Korshkov is hit by Mason Appleton and loses puck.
9:01 of 3rd period - Ryan Graves is hit by Andrei Altybarmakyan and loses puck.
9:14 of 3rd period - Mason Appleton is hit by Dryden Hunt.
9:36 of 3rd period - Snap shot by Yegor Korshkov.
9:36 of 3rd period - Shot Misses the Net.
10:05 of 3rd period - Off-side.
10:06 of 3rd period - Vincent Dunn wins face-off versus Nolan Patrick in neutral zone.
10:21 of 3rd period - Vincent Dunn is hit by Nolan Patrick and loses puck.
10:26 of 3rd period - Snap shot by Sebastian Collberg.
10:26 of 3rd period - Shot Misses the Net.
10:28 of 3rd period - Snap shot by Nolan Patrick.
10:28 of 3rd period - Stopped by Artyom Zagidulin with a rebound.
10:30 of 3rd period - Slapshot by Nolan Patrick.
10:30 of 3rd period - Shot Blocked by Gianluca Curcuruto.
10:32 of 3rd period - Snap shot by Nolan Patrick.
10:32 of 3rd period - Shot Blocked by Gianluca Curcuruto.
10:40 of 3rd period - Wrist shot by Sebastian Collberg.
10:40 of 3rd period - Deflect By Dryden Hunt.
10:40 of 3rd period - Shot Blocked by Gianluca Curcuruto.
10:40 of 3rd period - Puck is out of play.
10:41 of 3rd period - Sam Carrick wins face-off versus Linus Sandin in Bears zone.
11:32 of 3rd period - Cale Fleury is hit by Kerby Rychel and loses puck.
11:43 of 3rd period - Slapshot by Yegor Korshkov.
11:43 of 3rd period - Shot Misses the Net.
11:45 of 3rd period - Backhand shot by Yegor Korshkov.
11:45 of 3rd period - Stopped by Artyom Zagidulin with a rebound.
12:00 of 3rd period - Kerby Rychel is hit by Alexander Volkov.
12:12 of 3rd period - Slapshot by Ryan Graves.
12:12 of 3rd period - Goal by Ryan Graves - Wolfpack : 3 - Bears : 5.
12:13 of 3rd period - Nolan Patrick wins face-off versus Tanner Laczynski in neutral zone.
13:13 of 3rd period - Cole Smith is hit by Linus Sandin and loses puck.
13:30 of 3rd period - Snap shot by Sebastian Collberg.
13:30 of 3rd period - Stopped by Artyom Zagidulin with a rebound.
13:32 of 3rd period - Slapshot by K'Andre Miller.
13:32 of 3rd period - Shot Misses the Net.
13:34 of 3rd period - Snap shot by Dryden Hunt.
13:34 of 3rd period - Shot Blocked by Emil Johansson.
13:48 of 3rd period - Wrist shot by Andrei Altybarmakyan.
13:48 of 3rd period - Shot Misses the Net.
14:12 of 3rd period - Kerby Rychel is hit by Alexander Volkov and loses puck.
14:36 of 3rd period - Snap shot by Kerby Rychel.
14:36 of 3rd period - Deflect By Kirill Maksimov.
14:36 of 3rd period - Shot Misses the Net.
14:36 of 3rd period - Puck is out of play.
14:37 of 3rd period - Alex Barre-Boulet wins face-off versus Kevin Rooney in Wolfpack zone.
14:37 of 3rd period - Alex Barre-Boulet is hit by Nicholas Caamano.
14:40 of 3rd period - Minor Penalty to Cale Fleury for Cross-checking.
14:41 of 3rd period - Nolan Patrick wins face-off versus Tanner Laczynski in Wolfpack zone.
15:47 of 3rd period - Icing by Kerby Rychel.
15:48 of 3rd period - Sam Carrick wins face-off versus Alex Barre-Boulet in Bears zone.
16:39 of 3rd period - Snap shot by Jake Marchment.
16:39 of 3rd period - Stopped by Artyom Zagidulin with a rebound.
16:40 of 3rd period - Penalty to Cale Fleury is over, Cale Fleury is back on ice.
16:45 of 3rd period - Slapshot by Alexander Barabanov.
16:45 of 3rd period - Deflect By Jerry D'Amigo.
16:45 of 3rd period - Shot Misses the Net.
16:45 of 3rd period - Puck is out of play.
16:46 of 3rd period - Alex Barre-Boulet wins face-off versus Isaac Ratcliffe in Bears zone.
17:18 of 3rd period - Slapshot by Alex Barre-Boulet.
17:18 of 3rd period - Shot Blocked by Mason Appleton.
17:20 of 3rd period - Snap shot by Alexander Barabanov.
17:20 of 3rd period - Goal by Alexander Barabanov - Wolfpack : 4 - Bears : 5.
17:21 of 3rd period - Nolan Patrick wins face-off versus Sam Carrick in neutral zone.
17:36 of 3rd period - Backhand shot by Sebastian Collberg.
17:36 of 3rd period - Shot Misses the Net.
17:46 of 3rd period - Mikko Vainonen is hit by Jake Marchment and loses puck.
18:07 of 3rd period - Isaac Ratcliffe is hit by Alex Barre-Boulet.
18:56 of 3rd period - Wolfpack, Samuel Ersson is pulled from the net.
19:10 of 3rd period - Jerry D'Amigo is hit by Sebastian Collberg.
19:19 of 3rd period - Wrist shot by Sebastian Collberg.
19:19 of 3rd period - Stopped by Artyom Zagidulin with a rebound.
19:23 of 3rd period - Snap shot by Sebastian Collberg.
19:23 of 3rd period - Stopped by Artyom Zagidulin with a rebound.
19:25 of 3rd period - Wrist shot by Sebastian Collberg.
19:25 of 3rd period - Goal by Sebastian Collberg - Wolfpack : 5 - Bears : 5.
19:25 of 3rd period - Samuel Ersson from Wolfpack was sent back in the game.
19:26 of 3rd period - Kerby Rychel wins face-off versus Nolan Patrick in neutral zone.
19:33 of 3rd period - Slapshot by Jerry D'Amigo.
19:33 of 3rd period - Shot Blocked by Dryden Hunt.
19:39 of 3rd period - Slapshot by Kerby Rychel.
19:39 of 3rd period - Stopped by Samuel Ersson with a rebound.
19:57 of 3rd period - Mikko Vainonen is hit by Joshua Jacobs and loses puck.
Goals for this period are 2 for Wolfpack vs 1 for Bears.
Shots for this period are 10 for Wolfpack vs 2 for Bears.

Overtime #1


0:01 of 1st overtime period - Nolan Patrick wins face-off versus Mason Appleton in neutral zone.
0:12 of 1st overtime period - Wrist shot by Nolan Patrick.
0:12 of 1st overtime period - Shot Blocked by Mason Appleton.
0:36 of 1st overtime period - Snap shot by Tanner Laczynski.
0:36 of 1st overtime period - Shot Blocked by Alexander Barabanov.
1:04 of 1st overtime period - Wrist shot by Cole Smith.
1:04 of 1st overtime period - Goal by Cole Smith - Wolfpack : 5 - Bears : 6.
Goals for this period are 0 for Wolfpack vs 1 for Bears.
Shots for this period are 0 for Wolfpack vs 1 for Bears.